 Dungeon Crawl Stone Soup version 0.28.0-45-g0d030f2227 (webtiles) character file.

Game seed: 3497021417191253987

275 Peloso the Slasher (level 6, -2/53 HPs)
             Began as a Minotaur Fighter on Apr 7, 2022.
             Slain by a scorpion (5 damage)
             ... on level 4 of the Dungeon.
             The game lasted 00:07:01 (2897 turns).

Peloso the Slasher (Minotaur Fighter)               Turns: 2897, Time: 00:07:01

Health: -2/53      AC:  7    Str: 20    XL:     6   Next: 3%
Magic:  5/5        EV:  9    Int:  5    God:
Gold:   536        SH:  5    Dex: 12    Spells: 5/5 levels left

rFire   . . .      SeeInvis .   a - +0 long sword
rCold   . . .      Faith    .   c - +0 buckler
rNeg    . . .      Spirit   .   h - +0 scale mail
rPois   .          Reflect  .   (helmet restricted)
rElec   .          Harm     .   (no cloak)
rCorr   .          Rampage  .   (no gloves)
Will    .....                   (no boots)
Stlth   ..........              (no amulet)
HPRegen 0.17/turn               (no ring)
MPRegen 0.09/turn               (no ring)

@: no status effects
A: horns 2, retaliatory headbutt
a: no special abilities


You were on level 4 of the Dungeon.
You visited 1 branch of the dungeon, and saw 4 of its levels.

You collected 536 gold pieces.

Inventory:

Hand Weapons
 a - a +0 long sword (weapon)
 b - a +0 hand axe of flaming
Armour
 c - a +0 buckler (worn)
 h - a +0 scale mail (worn)
Jewellery
 e - a +4 ring of evasion
Wands
 m - a wand of charming (9)
Scrolls
 i - a scroll of teleportation
 k - a scroll of noise {unknown}
Potions
 d - 3 potions of might
 f - a potion of brilliance
 g - a potion of resistance {unknown}
 j - a potion of curing {unknown}
 l - a potion of lignification {unknown}


   Skills:
 + Level 4.6 Fighting
 + Level 5.1 Long Blades
 + Level 5.0 Armour
 + Level 0.9 Dodging
 + Level 0.3 Stealth
 + Level 4.5 Shields


You had 5 spell levels left.
You didn't know any spells.
Your spell library was empty.

Dungeon Overview and Level Annotations

Branches:
Dungeon (4/15)
 Temple: D:4-7

Altars:


Innate Abilities, Weirdness & Mutations

You have a pair of horns on your head.
You reflexively headbutt those who attack you in melee.


Message History

The orc priest hits you with a +0 club.
The orc priest begins to cast a cantrip, but forgets the words!
The orc hits you but does no damage.
Things that are here:
a +0 war axe; a +0 scale mail You slash the orc priest!
The orc priest is severely wounded.
The orc priest hits you with a +0 club.
* * * LOW HITPOINT WARNING * * *
The orc priest hits you but does no damage.
The orc barely misses you. You furiously retaliate!
You headbutt the orc!
You kill the orc!
You hit the orc priest. Your headbutt misses the orc priest.
The orc priest is almost dead.
The orc priest mumbles some strange prayers to Beogh against you.
Pain shoots through your body!
* * * LOW HITPOINT WARNING * * *
The orc priest hits you but does no damage.
You block the orc priest's attack.
You barely miss the orc priest. You headbutt the orc priest.
You kill the orc priest!
A jackal comes into view.
You block the orc priest's attack.
You have reached level 6!
You closely miss the orc priest.
The jackal barks!
The scorpion closely misses you. You furiously retaliate!
You headbutt the scorpion! The orc priest closely misses you.
You furiously retaliate!
You headbutt the orc priest. The scorpion stings you.
* * * LOW HITPOINT WARNING * * *
Unknown command.
You barely miss the orc priest. You headbutt the orc priest!
The orc priest is severely wounded.
The orc priest casts a cantrip, but nothing happens.
The scorpion closely misses you.
Unknown command.
You barely miss the orc priest. You headbutt the orc priest.
The orc priest is almost dead.
You block the orc priest's attack. The scorpion stings you.
You die...

............#..#.#
#######.....#..#.#
#......#.#.#
#........#.## ####
#.###....#..##....
#.# #....#.......#
#.# #...[#......##
#.# #....#......##
#. ..#@)......
#so.....#
#..h.....
#......## .......#
.......# .........
#######..#


You could see a scorpion, an orc priest and a jackal.

Vanquished Creatures
  A scorpion (D:3)
  An orc priest (D:4)
  A hound (D:3)
  8 gnolls
  4 worms
  4 dart slugs
  4 orcs
  A ball python (D:2)
  7 bats
  7 endoplasms
  4 giant cockroaches
  2 goblins
  6 hobgoblins
  3 kobolds
  A quokka (D:1)
  2 frilled lizards
  3 rats
59 creatures vanquished.

Notes
Turn   | Place    | Note
-------+----------+-------------------------------------------
     0 | D:1      | Peloso the Minotaur Fighter began the quest for the Orb.
     0 | D:1      | Reached XP level 1. HP: 19/19 MP: 0/0
   104 | D:1      | Reached XP level 2. HP: 23/27 MP: 1/1
   553 | D:1      | Reached XP level 3. HP: 29/33 MP: 2/2
  1119 | D:2      | Reached XP level 4. HP: 32/40 MP: 3/3
  1655 | D:2      | Identified a scroll of acquirement
  1655 | D:2      | Acquired 442 gold pieces
  2015 | D:3      | Found a faded altar of an unknown god.
  2076 | D:3      | Reached XP level 5. HP: 47/47 MP: 4/4
  2492 | D:3      | Reached skill level 5 in Long Blades
  2587 | D:3      | Reached skill level 5 in Armour
  2895 | D:4      | Reached XP level 6. HP: 7/53 MP: 5/5
  2897 | D:4      | Slain by a scorpion

Illustrated notes

Levels and vault maps discovered:
D:1:      dpeg_arrival_concentric_ovals, layout_loops_ring
D:2:      layout_rooms, serial_forest, infiniplex_forest_straight_1,
          infiniplex_forest_lined_corner, infiniplex_forest_lined_corner,
          infiniplex_forest_clump_large, infiniplex_forest_fountain
D:3:      layout_basic, nicolae_overflow_ecumenical_swirl
D:4:      layout_basic, mainiacjoe_overflow_six_doors_small,
          minmay_curled_crystal, minmay_starry_boxes

Skill      XL: |  1  2  3  4  5 |
---------------+----------------+-----
Armour         | 4 5 |  5.0
Fighting       | 4 |  4.6
Shields        | 4 |  4.5
Long Blades    | 3 4 5 |  5.1
Dodging        | |  0.9
Stealth        | |  0.3

Action                   |  1- 3 |  4- 6 || total
-------------------------+-------+-------++-------
Melee: Long sword        |    60 |    81 ||   141
       Headbutt          |     5 |    19 ||    24
  Use: Scroll            |       |     6 ||     6
       Potion            |       |     1 ||     1
Armor: Scale mail        |    27 |    34 ||    61
Dodge: Dodged            |    23 |    36 ||    59
Block: Buckler           |    18 |    19 ||    37
